 Dungeon Crawl Stone Soup version 0.29-a0-321-gf1c400731a (webtiles) character file.

Game seed: 8136715474292567427

77 Dabor the Skirmisher (level 4, 0/41 HPs)
             Began as a Hill Orc Fighter on Apr 5, 2022.
             Was an Initiate of Beogh.
             Killed by nerve-wracking pain
             ... invoked by Grinder
              (9 damage)
             ... on level 3 of the Dungeon.
             The game lasted 00:01:57 (2018 turns).

Dabor the Skirmisher (Hill Orc Fighter)             Turns: 2018, Time: 00:01:57

Health: 0/41       AC:  6    Str: 20    XL:     4   Next: 34%
Magic:  4/4        EV: 10    Int:  8    God:    Beogh [......]
Gold:   71         SH:  4    Dex: 10    Spells: 3/3 levels left

rFire   . . .      SeeInvis .   a - +0 war axe
rCold   . . .      Faith    .   c - +0 buckler
rNeg    . . .      Spirit   .   p - +1 ring mail {Will+}
rPois   .          Reflect  .   (no helmet)
rElec   .          Harm     .   (no cloak)
rCorr   +          Rampage  .   (no gloves)
Will    +....                   (no boots)
Stlth   ..........              (no amulet)
HPRegen 0.13/turn               i - ring of resist corrosion
MPRegen 0.09/turn               (no ring)

@: attractive
A: no striking features
a: Renounce Religion


You were on level 3 of the Dungeon.
You worshipped Beogh.
Beogh was noncommittal.
You visited 1 branch of the dungeon, and saw 3 of its levels.

You collected 71 gold pieces.

Inventory:

Hand Weapons
 a - a +0 war axe (weapon)
Missiles
 l - 5 poisoned darts (quivered)
Armour
 b - a +0 scale mail
 c - a +0 buckler (worn)
 p - a +1 ring mail of willpower (worn)
Jewellery
 i - a ring of resist corrosion (left hand)
Scrolls
 g - 2 scrolls of magic mapping
 h - 3 scrolls of identify
 m - a scroll of enchant weapon {unknown}
 n - a scroll of fear {unknown}
Potions
 d - a potion of might
 f - a potion of heal wounds {unknown}
 j - a potion of brilliance {unknown}
 k - a potion of mutation {unknown}
 o - a potion of haste {unknown}


   Skills:
 + Level 4.3 Fighting
 + Level 3.7 Axes
 + Level 3.9 Armour
 + Level 0.0 Dodging
 + Level 4.0 Shields
 + Level 0.0 Invocations


You had 3 spell levels left.
You didn't know any spells.
Your spell library contained the following spells:

 Spells                   Type           Power      Damage    Failure   Level
 Beastly Appendage        Tmut           0%         N/A       67%         1
 Wereblood                Tmut           0%         N/A       80%         2
 Dazzling Flash           Conj/Hex       0%         N/A       95%         3
 Spider Form              Tmut/Pois      0%         N/A       95%         3
 Iskenderun's Mystic Bla  Conj/Tloc      0%         2d3       100%        4
 Starburst                Conj/Fire      0%         6d3       100%        6


Dungeon Overview and Level Annotations

Branches:
Dungeon (3/15)

Altars:

Shops:
D:1 [

Annotations:
D:3 Grinder


Message History

Grinder shouts!
Grinder is nearby!
Grinder is nearby!
Grinder is nearby!
You closely miss Grinder. Grinder gestures at you.
You easily resist.
You closely miss Grinder.
A bat comes into view.
Grinder hits you.
You hit Grinder but do no damage. You block Grinder's attack. Grinder hits you.
You writhe in agony.
The bat hits you but does no damage.
You closely miss Grinder. You miss the bat. The bat closely misses you.
The bat completely misses you. The bat hits you but does no damage.
Grinder gestures at you. Pain shoots through your body!
You hit Grinder.
Grinder is lightly wounded.
The bat hits you but does no damage. You block the bat's attack.
Grinder hits you.
You writhe in agony.
You hit Grinder.
Grinder is moderately wounded.
You hit the bat but do no damage. You block the bat's attack.
The bat closely misses you. Grinder barely misses you.
Grinder closely misses you.
You hit Grinder.
Grinder is moderately wounded.
The bat closely misses you. Grinder hits you.
You hit Grinder.
Grinder is heavily wounded.
The bat closely misses you. Grinder hits you!
* * * LOW HITPOINT WARNING * * *
You writhe in agony.
* * * LOW HITPOINT WARNING * * *
It was a potion of attraction.
You feel attractive to monsters. The bat hits you but does no damage.
Grinder gestures at you. Pain shoots through your body!
You die...

..... ...# ...#
#..# . #..# ..
.b####.#
#.##5.....#
##...@##########
#..............#
#.#....##......#
..
####...<.....# #
#..##......#
#.#.##......#
........######
.. ..#### #.#
#.#


You could see Grinder and a bat.

Vanquished Creatures
  An iguana (D:2)
  A dart slug (D:2)
  2 orcs (D:2)
  4 endoplasms
  2 giant cockroaches (D:2)
  4 goblins
  2 hobgoblins (D:1)
  5 kobolds
  3 quokkas
  3 ball pythons
  6 bats
  5 frilled lizards
  4 rats
42 creatures vanquished.

Vanquished Creatures (others)
  A kobold (D:2)
1 creature vanquished.

Grand Total: 43 creatures vanquished

Notes
Turn   | Place    | Note
-------+----------+-------------------------------------------
     0 | D:1      | Dabor the Hill Orc Fighter began the quest for the Orb.
     0 | D:1      | Reached XP level 1. HP: 19/19 MP: 1/1
   220 | D:1      | Found Kest's Antique Armour Emporium.
   241 | D:1      | Reached XP level 2. HP: 26/27 MP: 2/2
   267 | D:1      | Found a faded altar of an unknown god.
   749 | D:1      | Reached XP level 3. HP: 33/33 MP: 3/3
  1336 | D:2      | Reached XP level 4. HP: 19/41 MP: 4/4
  1611 | D:2      | Became a worshipper of Beogh the Brigand
  2008 | D:3      | Noticed Grinder
  2018 | D:3      | Killed from afar by Grinder

Illustrated notes

Levels and vault maps discovered:
D:1:      scummos_arrival_forest, layout_basic, serial_shops,
          nicolae_shop_hallway_plus, ebering_ecumenical_altar_sacrificial,
          grunt_decor_resistance, chequers_serial_rivers_small_3
D:2:      minmay_door_path, layout_rooms
D:3:      layout_loops_cross, grunt_temple_overflow_bloody_war,
          lemuel_doored_altar, ebering_ghost_rock_garden, uniq_grinder

Skill      XL: |  1  2  3  4 |
---------------+-------------+-----
Axes           | 3 |  3.7
Fighting       | 4 |  4.3
Shields        | 4 |  4.0
Armour         | |  3.9

Action                   |  1- 3 |  4- 6 || total
-------------------------+-------+-------++-------
Melee: War axe           |    92 |    24 ||   116
Invok: Convert to Beogh  |       |     1 ||     1
  Use: Scroll            |     1 |       ||     1
       Potion            |       |     1 ||     1
Armor: Scale mail        |    47 |     6 ||    53
       Ring mail         |       |     4 ||     4
Dodge: Dodged            |    50 |    10 ||    60
Block: Buckler           |    15 |     9 ||    24

Table legend: (Time is in decaauts)
 A = Elapsed time spent in this place.
 B = Non-inter-level travel time spent in this place.
 C = Inter-level travel time spent in this place.
 D = Time resting spent in this place.
 E = Time spent auto-exploring this place.
 F = Levels seen in this place.
 G = Mean time per level.
                   A        B        C        D        E       F      G
               +--------+--------+--------+--------+--------+-----+--------+
         Total |   2064 |   1969 |     95 |    169 |   1438 |   3 |  688.0 |
       Dungeon |   2064 |   1969 |     95 |    169 |   1438 |   3 |  688.0 |
               +--------+--------+--------+--------+--------+-----+--------+

Top non-repeatable levels by time:
     D:1: 1036 daAuts
     D:2: 1011 daAuts
     D:3: 16 daAuts
